 Dungeon Crawl Stone Soup version 0.25.1-8-g42b30a86e7 (webtiles) character file.

Game seed: 12247734466613628395

4069 Descartes the Thrower (level 10, -6/85 HPs)
             Began as a Troll Hunter on Dec 18, 2020.
             Mangled by a soldier ant (11 damage)
             ... on level 8 of the Dungeon.
             The game lasted 00:19:26 (6913 turns).

Descartes the Thrower (Troll Hunter)                Turns: 6913, Time: 00:19:26

Health: -6/85      AC:  7    Str: 22    XL:     10   Next: 5%
Magic:  12/12      EV: 10    Int:  7    God:
Gold:   414        SH:  0    Dex: 13    Spells: 10/13 levels left

rFire    . . .     SeeInvis .     - Unarmed
rCold    . . .     Gourm    +   (no shield)
rNeg     . . .     Faith    .   m - +0 robe
rPois    .         Spirit   .   (helmet restricted)
rElec    .         Reflect  .   q - +0 cloak
rCorr    .         Harm     .   (gloves unavailable)
MR       .....                  (boots unavailable)
Stlth    ++........             G - amulet of regeneration
HPRegen  1.04/turn              (no ring)
MPRegen  0.13/turn              (no ring)

@: lethally poisoned (-6 -> -12)
A: large, unfitting armour, claws 3, camouflage 1, fast metabolism 3, gourmand,
regeneration 1, shaggy fur 1, tough skin 3, wild magic 1
a: no special abilities


You were on level 8 of the Dungeon.
You were completely stuffed.

You visited 2 branches of the dungeon, and saw 9 of its levels.

You collected 414 gold pieces.

Inventory:

Hand Weapons
 b - a +0 fustibalus
Missiles
 c - 5 large rocks (quivered)
 d - 2 throwing nets
 e - 20 poisoned darts
 h - 224 stones
 o - 58 bolts
 s - 97 arrows
 y - 58 sling bullets
 z - 14 boomerangs
 D - 8 javelins
Armour
 m - a +0 robe (worn)
 q - a +0 cloak (worn)
 E - a +0 kite shield
Jewellery
 G - an amulet of regeneration (around neck)
Wands
 B - a wand of flame (19)
 J - a wand of disintegration (12)
Scrolls
 a - 5 scrolls of amnesia
 g - 2 scrolls of enchant weapon {unknown}
 i - 5 scrolls of blinking {unknown}
 l - 4 scrolls of immolation
 r - 4 scrolls of teleportation
 t - 3 scrolls of magic mapping {unknown}
 w - 5 scrolls of enchant armour {unknown}
 x - 2 scrolls of fog {unknown}
 A - 4 scrolls of random uselessness {unknown}
 F - 2 scrolls of remove curse
 I - a scroll of identify
 K - a scroll of torment {unknown}
Potions
 j - a potion of cancellation
 k - a potion of lignification {unknown}
 n - 2 potions of curing
 v - 2 potions of haste
 C - a potion of magic {unknown}
 H - 2 potions of resistance
 L - a potion of berserk rage {unknown}
Comestibles
 f - 19 rations
 u - 3 chunks of flesh


   Skills:
 - Level 1.5 Fighting
 + Level 8.5 Throwing
 - Level 1.5 Dodging
 - Level 0.3 Stealth
 + Level 4.6 Shields
 + Level 8.2 Unarmed Combat
 - Level 2.0 Spellcasting
 + Level 3.8 Transmutations


You had 10 spell levels left.
You knew the following spells:

 Your Spells              Type           Power        Failure   Level  Hunger
a - Beastly Appendage     Tmut           #.....       13%         1    ##.....
b - Sticks to Snakes      Tmut           #.......     17%         2    ###....

Your spell library contained the following spells:

 Spells                   Type           Power        Failure   Level  Hunger
 Spider Form              Tmut/Pois      #.........   56%         3    ####...
 Ice Form                 Ice/Tmut       #.......     91%         4    #####..
 Blade Hands              Tmut           #.........   95%         5    ######.


Dungeon Overview and Level Annotations

Branches:
Dungeon (8/15)             Temple (1/1) D:6
   Lair: D:8-11

Altars:
Ashenzari
Cheibriados
Dithmenos
Elyvilon
Fedhas
Gozag
Hepliaklqana
Makhleb
Nemelex Xobeh
Okawaru
Qazlal
Ru
Sif Muna
Trog
Uskayaw
Vehumet
Wu Jian
Xom
Yredelemnul
The Shining One

Shops:
D:4 [


Innate Abilities, Weirdness & Mutations

You are too large for most types of armour.
You have claws for hands.
Your metabolism is lightning-fast.
You like to eat raw meat.
Your natural rate of healing is unusually fast.
You are covered in fur. (AC +1)
You have extremely tough skin. (AC +3)
Your skin changes colour to match your surroundings (Stealth+).
Your spells are a little harder to cast, but a little more powerful.


Message History

The soldier ant is severely wounded.
You feel sick. The soldier ant stings you.
* * * LOW HITPOINT WARNING * * *
You scratch the soldier ant.
The soldier ant is severely wounded.
You feel sick. The soldier ant closely misses you.
You scratch the soldier ant. Your claw misses the soldier ant.
The soldier ant is almost dead.
You feel sick.
You barely miss the soldier ant.
The soldier ant is almost dead.
You feel sick. The soldier ant stings you.
* * * LOW HITPOINT WARNING * * *
You are lethally poisoned!
The soldier ant poisons you!
You scratch the soldier ant.
The soldier ant is almost dead.
* * * LOW HITPOINT WARNING * * *
You feel sick. The soldier ant stings you!
You die...

. ###....## ##.
.........# ...
....#####.# #.# ###.
#.. #### ##.# # #..
#.#.#.#.# # #..
#.#a##.# .# #..
#a#...#####.# #..
#.#@##.......#####..
######..#...........
#..#.###.#####.
#..#.# #.# #.
#..#.###.#####.
#..............
#....###.#####.
###### #.# #.
#.#####.


You could see a soldier ant.

Vanquished Creatures
  A two-headed ogre (D:8)
  A manticore (D:8)
  A hippogriff (D:7)
  Sigmund (D:6)
  A soldier ant (D:8)
  2 ice beasts
  3 orc warriors
  3 phantoms
  An ogre (D:4)
  A gnoll sergeant (D:7)
  A big kobold (D:8)
  2 bullfrogs
  A wyvern skeleton (D:3)
  A scorpion (D:7)
  A howler monkey (D:5)
  3 crimson imps
  4 lava snakes (D:8)
  A jelly (D:5)
  4 hounds
  3 orc priests
  2 bullfrog skeletons
  14 orc wizards
  An iguana (D:7)
  7 worker ants
  A hound skeleton (D:8)
  10 gnolls
  4 adders
  A shadow imp (D:6)
  An ooze (D:2)
  An adder zombie (D:2)
  4 worms
  A dart slug (D:1)
  3 leopard geckos
  27 orcs
  5 ball pythons
  6 giant cockroaches
  6 goblins
  3 hobgoblins (D:1)
  11 kobolds
  5 quokkas
  10 bats
  6 frilled lizards
  12 rats
  A fungus (D:2)
178 creatures vanquished.

Vanquished Creatures (others)
  4 toadstools (D:2)
4 creatures vanquished.

Grand Total: 182 creatures vanquished

Notes
Turn   | Place    | Note
-------+----------+-------------------------------------------
     0 | D:1      | Descartes the Troll Hunter began the quest for the Orb.
     0 | D:1      | Reached XP level 1. HP: 19/19 MP: 0/0
   114 | D:1      | Reached skill level 1 in Unarmed Combat
   125 | D:1      | Reached XP level 2. HP: 10/27 MP: 1/1
   506 | D:1      | Reached XP level 3. HP: 31/33 MP: 2/2
  1137 | D:3      | Reached XP level 4. HP: 10/41 MP: 3/3
  1620 | D:3      | Found a sacrificial altar of Ru.
  1918 | D:4      | Reached XP level 5. HP: 44/48 MP: 4/4
  1922 | D:4      | Reached skill level 5 in Throwing
  1945 | D:4      | Found a stormy altar of Qazlal.
  1990 | D:4      | Noticed a phantom
  2003 | D:4      | Killed a phantom
  2003 | D:4      | Reached XP level 6. HP: 54/55 MP: 5/5
  2090 | D:4      | Found a sparkling altar of Nemelex Xobeh.
  2091 | D:4      | Found a bloodstained altar of Trog.
  2091 | D:4      | Found a sacrificial altar of Ru.
  2092 | D:4      | Found a blossoming altar of Fedhas.
  2108 | D:4      | HP: 1/55 [ogre/+0 giant club (20)]
  2525 | D:4      | Reached skill level 5 in Unarmed Combat
  2551 | D:4      | Reached XP level 7. HP: 42/62 MP: 6/6
  2904 | D:4      | Found Siemnyox's Antique Armour Emporium.
  3048 | D:5      | Entered Level 5 of the Dungeon
  3381 | D:5      | Found an ornate altar of the Wu Jian Council.
  3406 | D:5      | Reached skill level 1 in Shields
  3615 | D:5      | Found a blossoming altar of Fedhas.
  3797 | D:6      | Reached XP level 8. HP: 63/70 MP: 7/7
  3879 | D:6      | Learned a level 1 spell: Beastly Appendage
  3882 | D:6      | Learned a level 2 spell: Sticks to Snakes
  3983 | D:6      | Found a staircase to the Ecumenical Temple.
  4113 | Temple   | Entered the Ecumenical Temple
  4478 | D:6      | Noticed Sigmund
  4494 | D:6      | Killed Sigmund
  4494 | D:6      | Reached skill level 1 in Transmutations
  4709 | D:6      | Reached skill level 1 in Spellcasting
  5644 | D:7      | Noticed a hippogriff
  5652 | D:7      | Killed a hippogriff
  5652 | D:7      | Reached XP level 9. HP: 69/76 MP: 10/10
  5689 | D:7      | Gained mutation: Your spells are a little harder to cast,
                  | but a little more powerful. [potion of mutation]
  5689 | D:7      | Gained mutation: Your skin changes colour to match your
                  | surroundings (Stealth+). [potion of mutation]
  6105 | D:8      | Found an ornate altar of the Wu Jian Council.
  6105 | D:8      | Found a shimmering blue altar of Sif Muna.
  6105 | D:8      | Noticed a two-headed ogre
  6114 | D:8      | Killed a two-headed ogre
  6152 | D:8      | Found an iron altar of Okawaru.
  6609 | D:8      | Noticed a manticore
  6621 | D:8      | Killed a manticore
  6784 | D:8      | Reached XP level 10. HP: 85/85 MP: 12/12
  6913 | D:8      | Mangled by a soldier ant

Illustrated notes

Levels and vault maps discovered:
D:1:      matt_arrival_grand_opening, layout_basic
D:2:      layout_rooms, first_ration, minmay_gold_behind_fungi
D:3:      layout_basic, grunt_ministairs_9, nicolae_ru_path_of_blood
D:4:      layout_loops_corners, grunt_temple_overflow_open, serial_shops,
          kennysheep_mini_moat, nzn_random_ring
D:5:      layout_loops_cross, basic_altar, fedhas_altar_fruit_tree
D:6:      minmay_flawed_box, layout_basic, minmay_temple_entry_waves,
          uniq_sigmund
D:7:      layout_basic
D:8:      gammafunk_jiyva_shrine, layout_loops_ring,
          gammafunk_temple_overflow_claw, kennysheep_big_empty_room,
          hangedman_pestilent_swarm
Temple:   minmay_temple_bridge_abc

Skill      XL: |  1  2  3  4  5  6  7  8  9 |
---------------+----------------------------+-----
Unarmed Combat | 1 2 3 4 5 6 7 8 |  8.2
Throwing       | 4 5 6 7 8 |  8.5
Shields        | 1 3 4 |  4.6
Transmutations | 2 3 |  3.8
Spellcasting   | 1 2 |  2.0
Fighting       | |  1.5
Dodging        | |  1.5
Stealth        | |  0.3

Action                   |  1- 3 |  4- 6 |  7- 9 | 10-12 || total
-------------------------+-------+-------+-------+-------++-------
Melee: Unarmed           |   174 |   109 |   288 |    29 ||   600
       Punch             |     1 |       |     9 |       ||    10
       Headbutt          |       |       |     4 |       ||     4
       Kick              |       |       |     2 |       ||     2
 Fire: Fustibalus        |       |     2 |       |       ||     2
Throw: Large rock        |       |       |    15 |       ||    15
 Cast: Beastly Appendage |       |       |     7 |       ||     7
       Sticks to Snakes  |       |       |     6 |       ||     6
  Use: Scroll            |     5 |     1 |     5 |       ||    11
       Potion            |     1 |       |     4 |     3 ||     8
 Stab: Sleeping          |     1 |     2 |     2 |     2 ||     7
       Invisible         |       |       |     1 |       ||     1
  Eat: Chunk             |    15 |    13 |    41 |     1 ||    70
Armor: Robe              |    94 |    43 |    92 |     8 ||   237
Dodge: Dodged            |    99 |    48 |   117 |    10 ||   274
